 Dungeon Crawl Stone Soup version 0.27-a0-1281-ge233d83751 (webtiles) character file.

Game seed: 864560303648875403

1341 27snakeeyes612 the Chopper (level 8, -1/67 HPs)
             Began as a Ghoul Fighter on June 14, 2021.
             Slain by an orc warrior (18 damage)
             ... on level 5 of the Dungeon.
             The game lasted 00:03:36 (6453 turns).

27snakeeyes612 the Chopper (Ghoul Fighter)          Turns: 6453, Time: 00:03:36

Health: -1/67      AC: 13    Str: 22    XL:     8   Next: 62%
Magic:  7/7        EV:  6    Int:  3    God:
Gold:   145        SH:  9    Dex:  8    Spells: 7/7 levels left

rFire    . . .     SeeInvis .   a - +0 war axe
rCold    + . .     Faith    .   c - +0 kite shield
rNeg     + + +     Spirit   .   m - +0 chain mail
rPois    ∞         Reflect  .   (no helmet)
rElec    .         Harm     .   k - +1 cloak
rCorr    .         Rampage  .   r - +0 pair of gloves
Will     .....                  (no boots)
Stlth    ..........             (no amulet)
HPRegen  0.00/turn              (no ring)
MPRegen  0.10/turn              (no ring)

@: mighty
A: claws 1, cold resistance 1, negative energy resistance 3, inhibited
regeneration, torment resistance 2
a: no special abilities


You were on level 5 of the Dungeon.
You visited 1 branch of the dungeon, and saw 6 of its levels.
You also visited: Ossuary.

You collected 145 gold pieces.

Inventory:

Hand Weapons
 a - a +0 war axe (weapon)
Armour
 b - a +0 scale mail
 c - a +0 kite shield (worn)
 k - a +1 cloak (worn)
 m - a +0 chain mail (worn)
 r - a +0 pair of gloves (worn)
Jewellery
 e - an amulet of regeneration
 q - a ring of flight
 t - a ring of magical power
Wands
 p - a wand of polymorph (7)
 D - a wand of digging (5)
Scrolls
 f - a scroll of enchant armour {unknown}
 n - 4 scrolls of teleportation {unknown}
 u - 4 scrolls of identify {unknown}
 w - 2 scrolls of blinking {unknown}
 x - a scroll of enchant weapon {unknown}
 y - 2 scrolls of magic mapping {unknown}
 A - a scroll of immolation {unknown}
 E - a scroll of holy word {unknown}
Potions
 g - 6 potions of attraction {unknown}
 h - 5 potions of flight {unknown}
 i - 4 potions of haste {unknown}
 j - a potion of mutation {unknown}
 l - 4 potions of heal wounds {unknown}
 o - 3 potions of curing {unknown}
 s - a potion of ambrosia {unknown}
 v - 2 potions of resistance {unknown}
 z - 3 potions of brilliance {unknown}
 B - 2 potions of cancellation {unknown}
 C - a potion of magic {unknown}


   Skills:
 + Level 4.7 Fighting
 + Level 6.3 Axes
 + Level 5.4 Armour
 + Level 1.3 Dodging
 + Level 0.1 Stealth
 + Level 4.8 Shields


You had 7 spell levels left.
You didn't know any spells.
Your spell library was empty.

Dungeon Overview and Level Annotations

Branches:
Dungeon (6/15)            Ossuary (visited)
 Temple: D:4-7

Altars:
Dithmenos
Zin


Innate Abilities, Weirdness & Mutations

You thrive by killing the living.
You are immune to poison.
You have sharp fingernails.
Your flesh is cold resistant. (rC+)
You are immune to negative energy. (rN+++)
You do not regenerate when monsters are visible.
You are immune to unholy pain and torment.


Message History

The puff of flame hits you!
The orc warrior hits you but does no damage.
The orc wizard barely misses you. Something hits you but does no damage.
You block the orc's attack.
The orc wizard casts a spell.
The orc wizard flickers and vanishes!
There is a stone staircase leading up here.
Something hits you but does no damage.
The orc priest calls down the wrath of Beogh upon you.
Beogh smites you!
You climb upwards.
Reactivating autopickup.
There is a stone staircase leading down here.
You feel very mighty all of a sudden. You block something's attack.
Deactivating autopickup; reactivate with Ctrl-A.
You block the orc's attack.
You slash the orc!
You kill the orc!
You feel better.
You closely miss something. Something hits you.
You closely miss the orc warrior. You closely miss something.
Something hits you but does no damage.
The orc warrior hits you with a +0 battleaxe.
Something hits you but does no damage.
The orc warrior hits you with a +0 battleaxe!
You closely miss the orc warrior. You closely miss something.
You hear some strange, mumbled words.
A puff of flame appears from out of thin air!
The puff of flame hits you but does no damage.
The orc warrior barely misses you.
You closely miss the orc warrior. You miss something.
Something hits you but does no damage.
The orc warrior hits you with a +0 battleaxe!
* * * LOW HITPOINT WARNING * * *
Something hits you but does no damage.
You slash the orc warrior!
The orc warrior is heavily wounded.
You miss something.
The orc warrior hits you with a +0 battleaxe!!
You die...

#### ### #..####.#
#..#....# #..#.##.#
#....(#.# ##.####.# #.#
#.# #.####.########## ##
##.#@o...........# #.
########..#{##.###.####.#
#. #.........#.##..^..#
#.# #.
#.######..#......#.#
#.#### #.# #..#.#....#.#
#..# #.# #....+...<#.#
##.## #.#
#.##.#....#.#####..## #.#
#....'............... #.#
######...##.######..#


You could see an orc warrior.

Vanquished Creatures
  A water moccasin (D:5)
  A centaur (D:4)
  A phantom (D:5)
  7 scorpions
  A bullfrog zombie (D:5)
  2 orc priests
  2 hounds (D:5)
  2 human zombies (Ossuary)
  2 centaur zombies (Ossuary)
  A jelly (D:5)
  A gnoll shaman (D:4)
  2 bullfrog skeletons (D:5)
  2 scorpion zombies (Ossuary)
  An orc wizard (D:5)
  3 mummies (Ossuary)
  8 adders
  4 gnolls (D:4)
  A worm (D:4)
  3 dart slugs (D:2)
  7 orcs
  9 ball pythons
  7 bats
  7 endoplasms
  7 giant cockroaches
  7 goblins
  3 hobgoblins
  18 jackals
  4 kobolds
  4 quokkas
  2 frilled lizards
  2 goblin zombies (Ossuary)
  2 hobgoblin zombies (Ossuary)
  6 kobold zombies (Ossuary)
  3 orc zombies (Ossuary)
  A quokka skeleton (D:4)
  6 rats
140 creatures vanquished.

Notes
Turn   | Place    | Note
-------+----------+-------------------------------------------
     0 | D:1      | 27snakeeyes612 the Ghoul Fighter began the quest for the
                  | Orb.
     0 | D:1      | Reached XP level 1. HP: 19/19 MP: 0/0
   493 | D:1      | Found a faded altar of an unknown god.
   517 | D:1      | Reached XP level 2. HP: 26/26 MP: 1/1
  1125 | D:1      | Reached XP level 3. HP: 30/31 MP: 2/2
  1126 | D:1      | Reached skill level 2 in Axes
  1745 | D:2      | Reached XP level 4. HP: 21/40 MP: 3/3
  2971 | D:3      | Reached XP level 5. HP: 46/46 MP: 4/4
  2991 | D:3      | Reached skill level 3 in Axes
  3663 | D:4      | Reached XP level 6. HP: 44/52 MP: 5/5
  3847 | D:4      | Found a sand-covered staircase.
  3852 | Ossuary  | Entered an ossuary
  4040 | Ossuary  | Reached XP level 7. HP: 34/59 MP: 6/6
  4054 | Ossuary  | Reached skill level 4 in Axes
  4363 | Ossuary  | Reached skill level 1 in Dodging
  4920 | D:4      | Reached skill level 5 in Axes
  4920 | D:4      | Reached skill level 5 in Armour
  4920 | D:4      | Reached XP level 8. HP: 63/67 MP: 7/7
  5244 | D:5      | Entered Level 5 of the Dungeon
  5940 | D:5      | Found a shadowy altar of Dithmenos.
  5964 | D:5      | Reached skill level 6 in Axes
  6453 | D:5      | Slain by an orc warrior

Illustrated notes

Levels and vault maps discovered:
D:1:      elethiomel_arrival_maze, layout_loops_ring, basic_ecumenical_altar,
          minmay_misc_feat_tiny, nrook_mini_backslash,
          chequers_serial_rivers_small_a, chequers_arboretum
D:2:      layout_loops_ring, minivault_25
D:3:      layout_rooms
D:4:      layout_basic, zin_academy, cheibrodos_sewer_entry_drain,
          enter_ossuary_5
D:5:      layout_basic, grunt_dithmenos_shadows, serial_bayou_lagoon_a
D:6:      layout_rooms, minmay_temple_entry_ruins, amethyst_killhole,
          uniq_prince_ribbit1, uniq_maggie, uniq_grinder

Skill      XL: |  1  2  3  4  5  6  7  8 |
---------------+-------------------------+-----
Shields        | 3 4 |  4.8
Armour         | 3 4 5 |  5.4
Axes           | 2 3 5 6 |  6.3
Fighting       | 4 |  4.7
Dodging        | 1 |  1.3
Stealth        | |  0.1

Action                   |  1- 3 |  4- 6 |  7- 9 || total
-------------------------+-------+-------+-------++-------
Melee: War axe           |   136 |   177 |   245 ||   558
  Use: Potion            |       |       |     1 ||     1
Armor: Scale mail        |    42 |       |       ||    42
       Chain mail        |    70 |   149 |   166 ||   385
Dodge: Dodged            |    53 |    59 |    76 ||   188
Block: Kite shield       |    92 |   107 |   162 ||   361

Table legend: (Time is in decaauts)
 A = Elapsed time spent in this place.
 B = Non-inter-level travel time spent in this place.
 C = Inter-level travel time spent in this place.
 D = Time resting spent in this place.
 E = Time spent auto-exploring this place.
 F = Levels seen in this place.
 G = Mean time per level.
                   A        B        C        D        E       F      G
               +--------+--------+--------+--------+--------+-----+--------+
         Total |   6769 |   6546 |    223 |    774 |   4503 |   7 |  967.0 |
       Dungeon |   5764 |   5541 |    223 |    655 |   3899 |   6 |  960.7 |
       Ossuary |   1005 |   1005 |      0 |    119 |    604 |   1 | 1005.0 |
               +--------+--------+--------+--------+--------+-----+--------+

Top non-repeatable levels by time:
     D:1: 1541 daAuts
     D:2: 1236 daAuts
     D:5: 1236 daAuts
     D:3: 1040 daAuts
 Ossuary: 1005 daAuts
     D:4: 696 daAuts
     D:6: 13 daAuts
